 Dungeon Crawl Stone Soup version 0.22-a0-224-g8cf3520 (webtiles) character file.

32 Azzok the Cutter (level 3, 0/23 HPs)
             Began as a Deep Elf Berserker on Feb 19, 2018.
             Was a Follower of Trog.
             Succumbed to an adder's poison
             ... on level 2 of the Dungeon.
             The game lasted 00:01:51 (1183 turns).

Azzok the Cutter (Deep Elf Berserker)               Turns: 1183, Time: 00:01:52

Health: 0/23       AC:  5    Str: 14    XL:     3   Next: 10%
Magic:  5/5        EV: 11    Int: 12    God:    Trog [*.....]
Gold:   55         SH:  0    Dex: 14    Spells: 2/2 levels left

rFire    . . .     SeeInvis .   a - +0 short sword
rCold    . . .     Gourm    .   (no shield)
rNeg     . . .     Faith    .   j - +0 ring mail
rPois    .         Spirit   .   (no helmet)
rElec    .         Reflect  .   (no cloak)
rCorr    .         Harm     .   (no gloves)
MR       .....                  (no boots)
Stlth    +.........             (no amulet)
HPRegen  0.07/turn              (no ring)
MPRegen  0.09/turn              (no ring)

@: lethally poisoned (0 -> -6), berserk cooldown
A: no striking features
a: Berserk, Renounce Religion


You were on level 2 of the Dungeon.
You worshipped Trog.
Trog was aware of your devotion.
You were hungry.

You visited 1 branch of the dungeon, and saw 2 of its levels.

You collected 55 gold pieces.

Inventory:

Hand Weapons
 a - a +0 short sword (weapon)
Missiles
 l - 46 arrows
Armour
 d - a +0 buckler
 j - a +0 ring mail (worn)
Scrolls
 f - 3 scrolls of teleportation {unknown}
 g - 2 scrolls of fear {unknown}
 m - a scroll of magic mapping {unknown}
Potions
 b - 2 potions of curing {unknown}
 e - a potion of haste {unknown}
 i - a potion of brilliance {unknown}
 k - a potion of heal wounds {unknown}
Comestibles
 c - 3 rations


   Skills:
 + Level 3.0 Fighting
 - Level 3.0 Short Blades
 - Level 1.5 Armour
 - Level 2.4 Dodging
 + Level 1.4 Shields


You had 2 spell levels left.
You didn't know any spells.

Dungeon Overview and Level Annotations

Branches:
Dungeon (2/15)

Altars:


Message History

You are more poisoned.
The adder poisons you!
You closely miss the adder.
You feel sick. The adder bites you.
* * * LOW HITPOINT WARNING * * *
You hit the adder.
The adder is moderately wounded.
The adder bites you.
* * * LOW HITPOINT WARNING * * *
The adder bites you but does no damage.
You miss the adder.
The adder is moderately wounded.
* * * LOW HITPOINT WARNING * * *
You feel sick. The adder bites you.
* * * LOW HITPOINT WARNING * * *
You hit the adder.
The adder is almost dead.
The adder bites you but does no damage.
You closely miss the adder.
The adder is almost dead.
You die...

··S▒ ▒··▒ ▒··▒
▒▒▒▒▒▒▒▒··▒
▒······(÷·▒
▒·▒▒▒▒▒▒·▒▒ ▒·▒ ▒·▒
▒S▒ ▒·▒
▒··▒▒▒▒▒▒▒@▒ ▒·▒
·······<·▒·▒▒▒▒▒▒·▒
▒▒▒▒▒▒▒▒··········▒
··········▒▒▒▒▒▒▒▒
▒▒▒▒▒▒▒▒▒▒▒


You could see an adder.

Vanquished Creatures
  An adder (D:2)
  A dart slug (D:1)
  A giant cockroach (D:1)
  A hobgoblin (D:1)
  4 jackals (D:1)
  4 bats (D:1)
  A frilled lizard (D:1)
  6 goblins
  2 kobolds (D:1)
21 creatures vanquished.

Notes
Turn   | Place    | Note
-------+----------+-------------------------------------------
     0 | D:1      | Azzok the Deep Elf Berserker began the quest for the Orb.
     0 | D:1      | Reached XP level 1. HP: 13/13 MP: 3/3
   379 | D:1      | Reached XP level 2. HP: 16/18 MP: 4/4
   522 | D:1      | Reached skill level 1 in Shields
  1144 | D:2      | Reached XP level 3. HP: 23/23 MP: 5/5
  1181 | D:2      | HP: 1/23 [adder (1)]
  1183 | D:2      | Succumbed to an adder's poison

Vault maps used:
D:1:      lemuel_arrival_river_ford
D:2:      chequers_ecumenical_altar_simple_redux

Skill      XL: |  1  2 |
---------------+-------+-----
Shields        | 1 |  1.4
Fighting       | 3 |  3.0
Short Blades   | |  3.0
Armour         | |  1.5
Dodging        | |  2.4

Action                   || total
-------------------------++-------
Melee: Short sword       ||    82
Invok: Berserk           ||     2
  Eat: Chunk             ||     2
Armor: Animal skin       ||     7
       Ring mail         ||    18
Dodge: Dodged            ||    61

Table legend:
 A = Spawn XP
 B = Non-spawn XP
 C = Spawn XP percentage of total XP
 D = Spawn monster count
 E = Non-spawn monster count
 F = Spawn count percentage of total count
 G = Total turns spent on level
                    A         B        C        D         E        F      G
               +---------+---------+-------+---------+---------+-------+---------
         Total |       0 |      47 |   0.0 |       0 |      21 |   0.0 |  1183
               +---------+---------+-------+---------+---------+-------+---------
           D:1 |       0 |      31 |   0.0 |       0 |      19 |   0.0 |  1120
           D:2 |       0 |      16 |   0.0 |       0 |       2 |   0.0 |    63
               +---------+---------+-------+---------+---------+-------+---------
